[Event "SixDays Budapest March GM-A 2023"]
[Site "Budapest"]
[Date "2023.03.26"]
[Round "4.2"]
[White "Arfan, Aditya Bagus"]
[Black "Bodi, Tibor"]
[Result "1-0"]
[ECO "C45"]
[WhiteElo "2374"]
[BlackElo "2356"]
[Annotator "TA"]
[PlyCount "171"]
[EventDate "2023.03.24"]
[EventType "tourn"]
[EventCountry "HUN"]
[SourceTitle "playchess.com"]
[Source "ChessBase"]
[SourceQuality "1"]
[TimeControl "5400+30"]

1. e4 e5 2. Nf3 Nc6 3. d4 exd4 4. Nxd4 Bc5 5. Nxc6 bxc6 6. Bd3 d6 7. O-O Ne7 {[%emt 0:01:01] has lost popularity (7...Nf6).} 8. Nc3 O-O 9. Kh1 f5 {[%emt 0:07:34] [#] C45: Scotch Game.} 10. b3 $146 ({Predecessor:} 10. f4 fxe4 11. Nxe4 Bb6 12. Qh5 Nf5 13. Bd2 g6 14. Qg5 d5 15. Qxd8 Rxd8 16. Ng5 c5 17. c3 {0-1 Sozin,S (2123)-Khabarov,S (2313) Sibiria Region-ch 2012 (4)}) 10... f4 11. Na4 Bb6 {[%emt 0:01:18] White has an edge.} 12. Bb2 f3 13. gxf3 Ng6 14. Nxb6 axb6 15. Rg1 Ra5 {[%emt 0:02:45] [#]} 16. e5 Nxe5 $11 17. Be4 Bf5 {[%emt 0:09:49] [#]} (17... Qe8 $11) 18. Bxc6 $1 $16 {[%emt 0:05:06] Strongly threatening b4.} Qh4 (18... Nxc6 $2 19. Rxg7+ (19. Bxg7 Bg6 $17) 19... Kh8 20. Rd7+ $18 (20. Rxc7+ $2 Ne5 $17) (20. Rxc7+ $2 Ne5 $19)) 19. Rg3 Bg6 (19... Nxc6 $2 20. Rxg7+ Kh8 21. Rf7+ Kg8 22. Rg7+ Kh8 23. Rxc7+ Ne5 24. Qxd6 $18) 20. Bd5+ {[%emt 0:02:28] A strong pair of Bishops.} Kh8 21. Bxe5 dxe5 22. c4 e4 23. Qd4 c5 24. Qe5 Ra7 25. Qd6 $40 {[%emt 0:00:59][%cal Rd6f8][%mdl 128] White goes for the king.} (25. Bxe4 Re7 26. Rg4 Bxe4 27. Rxe4 Rxe5 28. Rxh4 Rxf3 $14) 25... Re7 {[%emt 0:07:26] [#]} 26. Re1 $1 (26. Qxb6 $6 Bh5 27. Bxe4 Rxe4 28. fxe4 Qxe4+ 29. Kg1 Qd4 $16) 26... Rfe8 (26... Qf6 $142 27. Qxf6 Rxf6) 27. Re3 $18 (27. Qxb6 exf3 28. Reg1 (28. Rxe7 Qxe7 29. Bxf3 Be4 $11) 28... Re5) 27... Re5 28. Kg1 (28. h3 $6 Qf6 29. Qxf6 gxf6 30. fxe4 Bxe4+ 31. Bxe4 Rxe4 $18) 28... Qh5 29. Kg2 (29. Qxb6 exf3 30. Rexf3 (30. Qxc5 Rxe3 31. fxe3 f2+ 32. Kxf2 Be4 $14) (30. Bxf3 Qf5 $18) 30... Rxd5 31. cxd5 Qxd5 $18) 29... Qh4 (29... exf3+ $2 30. Rgxf3 (30. Bxf3 Qf5 $16) 30... Rg5+ 31. Kf1 $18) 30. fxe4 (30. Qxb6 exf3+ 31. Bxf3 Rxe3 32. fxe3 Rxe3 $16) 30... Bxe4+ $2 (30... Qf6 {is tougher.} 31. Qxf6 gxf6) 31. Bxe4 $2 (31. f3) 31... Rxe4 32. Qc7 (32. Qxb6 Rxe3 33. Rxe3 (33. fxe3 $2 Qe4+ 34. Kg1 Qb1+ 35. Kf2 Qxa2+ 36. Ke1 Ra8 $19) 33... Rf8 $11) (32. Ref3 $18 {Rf8+ would kill now.} Qd8 33. Qxd8 Rxd8 34. Rf7) 32... g6 (32... Rg8 $16) 33. Ref3 (33. Qxb6 Rxe3 34. Rxe3 (34. fxe3 $2 Qe4+ 35. Kg1 Qb1+ 36. Kf2 Rf8+ 37. Rf3 Qb2+ {[%mdl 64] Skewer} 38. Ke1 Rxf3 $19) 34... Rf8 $11) 33... Qd8 34. Qf7 (34. Qxd8 $18 Rxd8 35. Rf6) 34... Qe7 {[%emt 0:00:22] Against Rf8+} (34... R8e7 $16 35. Qf6+ Kg8) 35. Qxe7 R8xe7 {[%emt 0:01:16][%mdl 4096] Endgame KRR-KRR} 36. Re3 R4e6 37. Rgf3 (37. Rxe6 $18 Rxe6 38. Re3) 37... Kg7 $16 38. a3 h5 39. h4 Re4 40. Rxe4 (40. Kf1 $16) 40... Rxe4 {[%emt 0:00:05] KR-KR} 41. Kh3 Re1 42. Kg3 Rg1+ 43. Kh3 Rb1 44. Kg2 Kh6 (44... Rd1 $11) 45. Rg3 ({Better is} 45. a4 $16) 45... Kg7 (45... g5 $11) 46. Rf3 Kh6 47. Kh2 (47. a4 $16) 47... Kg7 $14 48. Kg2 Kh6 49. Rd3 Kg7 50. Rf3 Kh6 51. a4 Kg7 52. Kh2 ({White must play} 52. Rd3 $16) 52... Rb2 53. Kg3 Rb1 (53... Rd2 $14) 54. Kf4 ({White has to play} 54. Rd3 $16) 54... Rh1 $1 $11 55. Kg3 Rg1+ 56. Kh2 Rg4 57. Kh3 Rg1 58. Rd3 {[%emt 0:00:38] aiming for Rd6.} Rb1 (58... Rh1+ $1 $11 {remains equal.} 59. Kg3 Rb1) 59. Kg3 (59. Kg2 $16) 59... Rg1+ $1 60. Kf3 {[%emt 0:00:16] Hoping for Rd7+.} Rh1 61. Rd7+ Kh6 62. Rb7 {[%emt 0:00:14] Kg3 is the strong threat.} Rh3+ 63. Ke4 Rxb3 64. a5 (64. Rb8 $5 Rb4 65. Kd5 $14) 64... Rb4 65. axb6 Rxc4+ 66. Kd5 Rxh4 67. Rf7 (67. Kxc5 $6 Rf4 $16) 67... Rb4 68. Kxc5 Rb2 69. b7 {[%emt 0:00:14] Kc6 would be deadly.} h4 70. Kc6 {[%emt 0:01:05] Intending Rf8 and mate.} Rc2+ $1 (70... h3 71. Rf8 h2 72. Rh8+ (72. b8=B h1=Q+ 73. f3 Qc1+ 74. Kd6 Rd2+ 75. Ke6 Qc4+ 76. Ke7 Qc5+) 72... Kg7 73. Rxh2 (73. b8=R Rxb8 74. Rxh2 Rd8 $11) 73... Rc2+ 74. Kd5 $18) 71. Kd7 Rb2 72. Kc7 h3 $2 (72... Rc2+ $11 73. Kb6 Rb2+ 74. Kc7 Rc2+ 75. Kd8 Rd2+ 76. Kc8 Rc2+ 77. Kd7 (77. Rc7 Rxf2 78. Re7 Rc2+ 79. Kd8 Rb2 $11) 77... Rb2 78. Kc7) 73. Rf3 {[%emt 0:00:15] White mates.} (73. b8=B $2 {is the wrong capture.} h2 74. Ba7 h1=Q $19) 73... Rc2+ 74. Kd6 Rd2+ 75. Kc5 Rb2 76. Rxh3+ Kg7 77. Kc6 Rc2+ 78. Kb6 Rb2+ 79. Ka7 Ra2+ {[%emt 0:00:05] [#]} 80. Kb8 $1 Rxf2 81. Rc3 Kh6 82. Kc7 Rb2 83. b8=Q ({Worse is} 83. b8=B g5 $11) ({Not} 83. Rh3+ Kg5 $16) 83... Rxb8 84. Kxb8 g5 85. Kc7 g4 86. Rc5 {[%emt 0:00:34] Weighted Error Value: White=0.35/Black=0.36} 1-0

[Event "SixDays Budapest March GM-A 2023"]
[Site "Budapest"]
[Date "2023.03.26"]
[Round "4.3"]
[White "Pap, Misa"]
[Black "Pfreundt, Jakob"]
[Result "1/2-1/2"]
[ECO "B15"]
[WhiteElo "2403"]
[BlackElo "2407"]
[Annotator "TA"]
[PlyCount "112"]
[EventDate "2023.03.24"]
[EventType "tourn"]
[EventCountry "HUN"]
[SourceTitle "playchess.com"]
[Source "ChessBase"]
[SourceQuality "1"]
[TimeControl "5400+30"]

1. e4 c6 2. d4 d5 3. Nd2 dxe4 4. Nxe4 Nf6 5. Nxf6+ exf6 6. c3 Bd6 7. Bd3 O-O 8. Qc2 {[%emt 0:00:03] Active counter play!} Re8+ {[%emt 0:00:23] B15: Caro-Kann: 3 Nc3: 3...g6 and 3...dxe4 4 Nxe4 Nf6 5 Nxf6+ exf6.} 9. Ne2 h5 10. O-O h4 {[%emt 0:00:40] White is slightly better.} 11. Bf4 Na6 $1 {[%emt 0:02:41][%cal Bb8a6,Ba6c7,Bc7e6][%mdl 32] 11...Na6 scores better than 11...h3.} (11... Rxe2 $2 12. Qxe2 Bxf4 13. Qe4 $18) 12. h3 Nc7 ({Much less strong is} 12... Rxe2 13. Qxe2 Bxf4 14. Qe4 $16) 13. Qd2 {[%emt 0:00:14] [#]} a5 $146 ({Predecessor:} 13... Nd5 14. Bxd6 Qxd6 15. Rfe1 Bd7 16. Rad1 a5 17. c4 Ne7 18. Nc3 Rad8 19. b3 Bc8 {½-½ Horvath,A (2520)-Prohaszka,P (2570) HUN-ch Rapid 2022 (7)}) 14. Rfe1 Ne6 15. Bxd6 Qxd6 16. Qe3 Nc7 17. Qf4 Qxf4 18. Nxf4 Bd7 19. Be4 Nb5 20. Nd3 b6 21. Bf3 Rad8 22. Red1 Rc8 23. Rac1 Be6 24. b3 Red8 25. Nf4 (25. Nb2 $5 ) 25... Bf5 26. Ne2 Nd6 27. d5 c5 28. c4 Bd7 29. Nc3 f5 30. Re1 Re8 31. Be2 f4 32. Bg4 Rxe1+ 33. Rxe1 Re8 34. Rc1 f5 35. Bh5 Re5 36. Bg6 Kf8 37. Kf1 {[%emt 0:03:03] [#]} f3 $1 {[%emt 0:02:18] Wards off Ne2} 38. gxf3 {[%emt 0:04:24] Strongly threatening f4.} f4 {[%emt 0:00:06][%cal Oe5g5] ...Rg5! would be deadly.} 39. Ne4 {[%emt 0:00:31] Inhibits Rg5.} (39. Bd3 $5 ) 39... Bxh3+ (39... Nc8 $5 40. Ke2 (40. Kg2 $2 Ne7 $19) 40... Ne7 $11) 40. Kg1 Nxe4 41. Bxe4 $11 {[%emt 0:00:07][%mdl 4096] Endgame KRB-KRB} Ke7 42. a3 Bd7 43. b4 axb4 44. axb4 cxb4 {[%emt 0:00:15] ...Kd6 is the strong threat.} 45. c5 bxc5 46. Rxc5 Kd6 (46... b3 {keeps more tension.} 47. Rc3 b2 48. Rb3 Bf5) 47. Rc4 {[%emt 0:00:01] [#]} Rg5+ ({Better is} 47... b3 $1 $17 48. Rb4 Bf5 49. Bxf5 Rxf5 50. Rxb3 g5 51. Rb6+ Kc5) 48. Kh1 $1 {[%emt 0:00:38] The position is equal.} h3 49. Rxb4 Rg2 50. Rb6+ Kc5 51. Rb7 Kd6 52. Rb6+ Kc5 53. Rb7 Bb5 54. Rc7+ Kd6 55. Rb7 Kc5 56. Rc7+ Kd6 {[%emt 0:00:45] Weighted Error Value: White=0.06 (flawless) /Black=0.06 (flawless)} 1/2-1/2

[Event "SixDays Budapest March GM-A 2023"]
[Site "Budapest"]
[Date "2023.03.26"]
[Round "4.4"]
[White "Horvath, Adam"]
[Black "Berczes, David"]
[Result "1/2-1/2"]
[ECO "C47"]
[WhiteElo "2458"]
[BlackElo "2427"]
[Annotator "TA"]
[PlyCount "44"]
[EventDate "2023.03.24"]
[EventType "tourn"]
[EventCountry "HUN"]
[SourceTitle "playchess.com"]
[Source "ChessBase"]
[SourceQuality "1"]
[TimeControl "5400+30"]

1. e4 e5 2. Nf3 Nc6 3. Nc3 Nf6 4. d4 exd4 5. Nxd4 Bb4 6. Nxc6 bxc6 7. Bd3 d5 8. exd5 cxd5 9. O-O O-O 10. Bg5 c6 11. h3 Bd6 12. Qf3 {The position is equal.} h6 {C47: Scotch Four Knights and Four Knights with 4 g3.} 13. Bxf6 Qxf6 14. Qxf6 gxf6 15. Ne2 Rb8 16. b3 {[#] An uneventful encounter.   Weighted Error Value: White=0.00 (flawless) /Black=0.12 (very precise)} {Predecessor:} Re8 $146 17. Ng3 Kf8 18. Nf5 Bxf5 19. Bxf5 Re5 20. Bd3 Bb4 21. f4 Re3 22. Kh2 Ke7 {½-½ Hovhannisyan,R (2669)-Bartel,M (2560) Lindores Abbey Blitz Tal Memorial 2021 (6.20)} 1/2-1/2

[Event "SixDays Budapest March GM-A 2023"]
[Site "Budapest"]
[Date "2023.03.26"]
[Round "4.5"]
[White "Kushagra Mohan"]
[Black "Leszko, Bence"]
[Result "1/2-1/2"]
[ECO "C43"]
[WhiteElo "2396"]
[BlackElo "2283"]
[Annotator "TA"]
[PlyCount "42"]
[EventDate "2023.03.24"]
[EventType "tourn"]
[EventCountry "HUN"]
[SourceTitle "playchess.com"]
[Source "ChessBase"]
[SourceQuality "1"]
[TimeControl "5400+30"]

1. e4 e5 2. Nf3 Nf6 3. d4 Nxe4 4. Bd3 d5 5. Nxe5 Nd7 6. Nc3 (6. Nxd7 $142 Bxd7 7. O-O) 6... Bb4 {[%emt 0:00:04] C43: Petroff Defence: 3 d4.} 7. O-O Nxe5 8. dxe5 Nxc3 {[%emt 0:00:07] The position is equal.} 9. bxc3 Bxc3 10. Rb1 Qh4 (10... Bxe5 $2 11. Re1 $18) (10... O-O $5) 11. f4 O-O 12. Rb3 Bd4+ 13. Kh1 {[%emt 0:00:03] [#]} f6 $146 {[%emt 0:29:46] [#]} (13... c6 $11 {remains equal.}) ({Predecessor:} 13... Bb6 14. f5 c5 15. Rf4 Qh6 16. Rg4 Qc6 17. Rxg7+ Kxg7 18. f6+ {1-0 Korneev,O (2601)-Humeau,C (2100) Corsica Masters op rapid 2005 (2)}) 14. Bxh7+ $1 Qxh7 $11 15. Qxd4 Qe4 $132 {[%emt 0:00:12][%mdl 2048] Black is not keeping still. Black is weak on the dark squares} 16. Bb2 Qxd4 17. Bxd4 b6 $1 18. Rg3 (18. exf6 $15 gxf6 19. c3) 18... c5 $17 {[%emt 0:01:22] Black is better.} 19. Bb2 d4 20. exf6 Rxf6 21. c3 Ba6 {[%emt 0:00:05] Weighted Error Value: White=0.14 (very precise) /Black=0.12 (very precise)} 1/2-1/2

[Event "SixDays Budapest March GM-A 2023"]
[Site "Budapest"]
[Date "2023.03.27"]
[Round "5.1"]
[White "Leszko, Bence"]
[Black "Rosh Jain"]
[Result "0-1"]
[ECO "A05"]
[WhiteElo "2283"]
[BlackElo "2325"]
[Annotator "TA"]
[PlyCount "68"]
[EventDate "2023.03.24"]
[EventType "tourn"]
[EventCountry "HUN"]
[SourceTitle "playchess.com"]
[Source "ChessBase"]
[SourceQuality "1"]
[TimeControl "5400+30"]

1. Nf3 Nf6 2. c4 e6 3. Nc3 d5 4. e3 c5 5. cxd5 exd5 6. d4 Nc6 7. Be2 Be7 8. dxc5 Bxc5 9. O-O O-O 10. b3 b6 {[%emt 0:02:21] D32: Tarrasch Defence: Sidelines and lines without g3.} 11. Nb5 Bb7 12. Bb2 {[%emt 0:00:09] [#]} Rc8 $146 {[%emt 0:01:52] White is slightly better.} ({Predecessor:} 12... Ne4 13. a3 a5 14. Nbd4 Nxd4 15. Nxd4 Ng5 16. Nf5 Ne6 17. Qd2 Qg5 18. Ng3 d4 19. Bxd4 Nxd4 20. Rae1 Nxe2+ 21. Qxe2 {0-1 Fantinati,N (1517)-Casante,T Hebraica op 25th 2018 (5)}) 13. Nbd4 Re8 (13... Ne4 $14) 14. Nxc6 (14. Bb5 $16) 14... Bxc6 $14 15. Nd4 Bd7 16. Qd3 Ne4 17. Rad1 a6 18. Qb1 b5 19. Qa1 (19. Nf3 $5 ) 19... f6 ({Black should play} 19... Qg5 $11) 20. a4 (20. Bh5 $5 ) 20... Qb6 21. Nf3 $2 (21. axb5 $11 axb5 22. Bh5) 21... bxa4 22. bxa4 {[%emt 0:01:28] [#]} Bxe3 $1 {[%emt 0:03:21] Black is much more active.} 23. Bd4 Bxd4 24. Qxd4 Qxd4 25. Rxd4 Nc5 26. Bd3 (26. Bd1 $17 {keeps fighting.}) 26... Bxa4 27. Bf5 Rcd8 28. Rh4 (28. g3 $142) 28... g6 $19 29. Rc1 Ne4 30. Rc7 $2 (30. Bh3 {is more resistant.}) 30... gxf5 {[%emt 0:04:09] Black is clearly winning.} 31. Rhxh7 {[%emt 0:00:04] Threatening mate with Rcg7+.} Ng5 $1 32. Rhg7+ {[%emt 0:01:36] [#]} Kh8 $1 {[%emt 0:00:05] Hoping for ...d4.} 33. h4 Nxf3+ 34. gxf3 {[%emt 0:00:11] [#]} Rg8 $1 {[%emt 0:00:03] Weighted Error Value: White=0.84/Black=0.13 (very precise)} 0-1

[Event "SixDays Budapest March GM-A 2023"]
[Site "Budapest"]
[Date "2023.03.27"]
[Round "5.2"]
[White "Berczes, David"]
[Black "Kushagra Mohan"]
[Result "1/2-1/2"]
[ECO "A05"]
[WhiteElo "2427"]
[BlackElo "2396"]
[Annotator "TA"]
[PlyCount "91"]
[EventDate "2023.03.24"]
[EventType "tourn"]
[EventCountry "HUN"]
[SourceTitle "playchess.com"]
[Source "ChessBase"]
[SourceQuality "1"]
[TimeControl "5400+30"]

1. Nf3 Nf6 2. c4 g6 3. Nc3 d5 4. cxd5 Nxd5 5. h4 Bg7 6. e4 {[%emt 0:00:56] A16: English Opening: 1...Nf6 with ...d5.} Nxc3 7. dxc3 Qxd1+ 8. Kxd1 {[%emt 0:00:05] White is slightly better.} Bg4 9. Kc2 Nc6 {[%emt 0:00:25] [#]} 10. Bf4 $146 ({Predecessor:} 10. Bb5 O-O-O 11. Be3 Bxf3 12. gxf3 a6 13. Bxc6 bxc6 14. h5 Rd6 15. f4 e6 16. Rag1 {0-1 Bachmann,A (2599)-Mikhalevski,V (2560) Titled Tuesday intern op 10th Nov blitz 2020 (5)}) 10... O-O-O 11. a4 Rhf8 12. Bc4 h6 (12... Na5 $5 13. Bd5 Bd7 $11) 13. Rhe1 Bd7 14. b4 e5 15. Be3 f5 16. Bc5 Rh8 (16... Rf6 $11) 17. Bd5 $14 b6 18. b5 $1 Nb8 19. Be7 Rde8 20. Ba3 {[%emt 0:00:04] White is much more active. The black rooks are badly placed.} fxe4 21. Bxe4 Bf5 {[%emt 0:00:27] [#]} 22. h5 Bxe4+ $11 23. Rxe4 gxh5 24. a5 Nd7 25. Nd2 Rhg8 26. axb6 axb6 27. Rc4 {[%emt 0:00:27] Bd6 would be deadly.} Kb7 28. Ne4 Nf6 29. Bd6 Nxe4 $15 ({Don't take} 29... cxd6 30. Nxd6+ Kb8 31. Rca4 $16) 30. Rxc7+ Kb8 31. Rd7+ Nxd6 32. Rxd6 Re7 33. Rxb6+ Rb7 34. Rba6 {[%emt 0:00:30] [#] Threatens to win with Ra8+.} Kc7 $1 (34... Rxb5 $2 35. Ra8+ Kb7 36. Rxg8 $18) 35. Rc6+ $1 Kd7 $1 36. c4 Rc7 (36... Rf8 $17 37. f3 Ke7) 37. Rxc7+ (37. Rg6 {looks sharper.} Ke7 38. b6 Rxc4+ 39. Kb3) 37... Kxc7 $11 {[%emt 0:00:01][%mdl 4096] Endgame KRB-KR} 38. Ra6 Bf8 (38... Rb8 $15 {feels stronger.}) 39. Ra8 $1 {[%emt 0:00:14] The position is equal.} e4 40. Kd1 h4 41. Ke2 $1 e3 42. c5 exf2 {[%emt 0:04:49] aiming for ...Kb7.} 43. c6 Kb6 {[%emt 0:03:09][%cal Og8g2] ...Rxg2! is the strong threat.} 44. Rb8+ Kc7 45. Ra8 Kb6 46. Rb8+ {[%emt 0:00:51] Weighted Error Value: White=0.08 (flawless) /Black=0.08 (flawless)} 1/2-1/2

[Event "SixDays Budapest March GM-A 2023"]
[Site "Budapest"]
[Date "2023.03.27"]
[Round "5.3"]
[White "Pfreundt, Jakob"]
[Black "Horvath, Adam"]
[Result "1/2-1/2"]
[ECO "B32"]
[WhiteElo "2407"]
[BlackElo "2458"]
[Annotator "TA"]
[PlyCount "297"]
[EventDate "2023.03.24"]
[EventType "tourn"]
[EventCountry "HUN"]
[SourceTitle "playchess.com"]
[Source "ChessBase"]
[SourceQuality "1"]
[TimeControl "5400+30"]

1. e4 c5 2. Nf3 Nc6 3. d4 cxd4 4. Nxd4 Qb6 5. Nb3 Nf6 6. Nc3 e6 7. Bd3 a6 8. Qe2 d6 9. Be3 Qc7 10. f4 b5 11. O-O-O Be7 12. g4 Bb7 13. g5 Nd7 14. f5 Nb4 15. fxe6 fxe6 16. Nd4 Nc5 17. a3 Nbxd3+ 18. cxd3 O-O 19. Kb1 Bc8 20. Rc1 Qb7 21. b4 Na4 22. Qa2 d5 23. Nxa4 bxa4 24. Nc6 Rf3 25. Qe2 dxe4 26. dxe4 Rf7 27. Rhf1 Rxf1 28. Qxf1 Bf8 29. Qc4 Bd7 30. Na5 Qb8 31. Qc7 Qb5 32. Qc4 Qb8 33. Qc7 Qe8 34. Qe5 Bb5 35. Bd4 Rd8 36. Nb7 Rd7 37. Nc5 Re7 38. Bb2 Qf7 39. Ka1 Qf3 40. Qg3 Qxg3 41. hxg3 e5 42. Rd1 Re8 43. Rd5 Bc4 44. Rd7 a5 45. bxa5 Rc8 46. Nb7 Ba6 47. Nd6 Rc5 48. Ra7 Bd3 49. Nf5 Bxe4 50. Ne7+ Kf7 51. Nc6+ Ke6 52. Nxe5 Rd5 53. Ka2 Rd1 54. Bc3 Bd6 55. Nf7 Be7 56. Bb4 Bxb4 57. axb4 Bd5+ 58. Ka3 Ra1+ 59. Kb2 Ra2+ 60. Kc3 Rg2 61. Nd8+ Kd6 62. Nf7+ Kc6 63. Ra6+ Kc7 64. Nd6 Rxg3+ 65. Kd4 Bc6 66. b5 Bd7 {[%emt 0:00:11] [#]} 67. Ne4 $2 (67. b6+ $1 {mates} Kd8 68. Ra8+ Ke7 69. b7 Rg4+ 70. Ke3) 67... a3 (67... Bxb5 {simplifies} 68. Nxg3 Bxa6 69. Kc3 Kc6) 68. Nc3 $1 (68. Nxg3 $2 {perishes.} a2 69. Ke3 a1=Q $19) (68. Ra7+ $2 Kd8 69. Ra8+ (69. Nxg3 $2 a2 $19) 69... Ke7 $19) 68... Rg4+ 69. Ke3 Rxg5 ({Much less strong is} 69... a2 70. b6+ Kb8 71. Nxa2 $16) 70. Ra7+ Kc8 (70... Kd6 $5 71. b6 (71. Ne4+ $2 Ke7 $19) 71... Bc6 $11) 71. b6 Rc5 $2 {[%emt 0:00:18][%mdl 8192] [#]} (71... Bb5 $14) 72. Kd4 $2 ({White must play} 72. a6 $1 $18 Rxc3+ 73. Kd4) 72... Rc6 $11 73. Ra8+ Kb7 74. Ra7+ Kc8 75. Na2 Be6 76. Nc3 a2 77. Nxa2 Bxa2 78. Rxg7 Rc4+ 79. Ke3 Ra4 80. Rxh7 Rxa5 81. Ra7 Re5+ 82. Kd4 (82. Kf2 $5) 82... Re2 83. Kc5 Rc2+ 84. Kb5 Kb8 85. Rc7 Rf2 (85... Rxc7 {simplifies} 86. bxc7+ Kxc7 87. Kc5 Bb1) 86. Rh7 Bf7 87. Rh6 Kb7 88. Kc5 Rc2+ 89. Kd4 Be8 90. Kd3 Rc1 91. Kd2 Rc5 92. Rh3 Bc6 93. Rb3 Rh5 94. Rb4 Bb5 95. Rf4 Re5 96. Kc3 Rd5 97. Rd4 Rc5+ (97... Rxd4 {simplifies} 98. Kxd4 Kxb6 99. Kc3 Be2) 98. Kd2 Kxb6 99. Rd6+ Bc6 100. Ke3 Re5+ 101. Kd4 Re4+ 102. Kd3 Rf4 103. Ke3 Rh4 104. Rf6 Kc5 105. Rf4 Rh3+ 106. Kd2 Bd5 107. Ke2 Bc4+ 108. Kd2 Rd3+ 109. Ke1 Kd5 110. Rh4 Rf3 111. Kd2 Bd3 112. Rh8 Be4 113. Rd8+ Ke5 114. Re8+ Kd4 115. Rd8+ Bd5 116. Ke2 Rf7 117. Kd2 Rf2+ 118. Ke1 Ra2 119. Kd1 Ke4 120. Kc1 Rh2 121. Rd7 Kd4 122. Kd1 Kc4 123. Ke1 Be4 124. Rd2 Rh1+ 125. Kf2 Bd3 126. Ke3 Re1+ 127. Kf2 Re8 128. Ra2 Kd4 129. Ra4+ Bc4 130. Kf3 Rf8+ 131. Kg4 Kd5 132. Kg3 Bd3 133. Rf4 Bf5 134. Ra4 Be4 135. Kg4 Ke5 136. Ra5+ Bd5 137. Kg5 Rg8+ 138. Kh5 Ke4 139. Kh6 Be6 140. Rg5 Rf8 141. Kg7 Rf1 142. Ra5 Bd5 143. Kg6 Ke5 144. Kg5 Rf8 145. Rb5 $1 Rg8+ 146. Kh5 Ke6 147. Kh4 Be4 148. Rg5 Rxg5 149. Kxg5 1/2-1/2

[Event "SixDays Budapest March GM-A 2023"]
[Site "Budapest"]
[Date "2023.03.27"]
[Round "5.4"]
[White "Bodi, Tibor"]
[Black "Pap, Misa"]
[Result "0-1"]
[ECO "A45"]
[WhiteElo "2356"]
[BlackElo "2403"]
[Annotator "TA"]
[PlyCount "44"]
[EventDate "2023.03.24"]
[EventType "tourn"]
[EventCountry "HUN"]
[SourceTitle "playchess.com"]
[Source "ChessBase"]
[SourceQuality "1"]
[TimeControl "5400+30"]

1. d4 Nf6 2. Bf4 d6 3. Nf3 c6 4. Nbd2 Nh5 5. e3 Nxf4 6. exf4 {[%emt 0:00:02] A46: 1 d4 Nf6 2 Nf3 e6: Torre, London and Colle Systems.} g6 {[%emt 0:00:08] [#]} 7. Bd3 $146 ({Predecessor:} 7. c3 Nd7 8. Bd3 Bg7 9. O-O O-O 10. Re1 Nf6 11. a4 Qc7 12. a5 e6 13. g3 {0-1 Bohak,J (2192)-Audie,A (2260) VW-Cup10 Gr50 email 2017}) 7... Bg7 8. Qe2 {[%emt 0:00:30] The position is equal.} Na6 9. c3 O-O 10. O-O-O c5 11. Bxa6 bxa6 12. dxc5 {[%emt 0:00:07] [#]} (12. Nc4 $1 $15) 12... Qa5 $1 $17 {[%emt 0:00:55] ...Rb8 would be deadly.} 13. cxd6 (13. Qxe7 $2 Qxa2 $19) 13... Be6 ({Black should try} 13... Bxc3 $17 14. dxe7 (14. bxc3 Qxc3+ 15. Kb1 Bf5+ 16. Ne4 Rfb8+) 14... Re8) 14. Nb1 $2 {[%emt 0:02:55][%mdl 8192] Now White is beyond hope.} (14. dxe7 $15 Rfb8 15. Ne4 Qxa2 16. Qc2 (16. Nd4 Bd5 $17)) 14... Qxa2 $19 ({Less strong is} 14... exd6 15. Rxd6 Qc5 16. Rhd1 $11 (16. Qxa6 Qxf2 17. Re1 Qxg2 $11) (16. Rxa6 $2 Bc4 $19)) 15. dxe7 {[%emt 0:01:15] [#]} Rfe8 16. Ne1 $2 ({Don't blunder} 16. Qe4 $2 Bf5 17. Rhe1 Rab8 $19) (16. Rd3) 16... Rxe7 {[%emt 0:14:44] Hoping for ...Rb8.} 17. Nd3 Rb8 18. Rd2 $2 (18. Rhe1 Rc7 19. Qd2) 18... Bf5 {[%emt 0:03:31] A strong pair of Bishops.} 19. Qf3 {[%emt 0:05:37] [#]} Bxc3 $1 20. Nxc3 Qa1+ {[%emt 0:00:13][%mdl 64] Skewer} 21. Nb1 Rc7+ 22. Rc2 {[%emt 0:00:32] [#]} Rxb2 $3 {[%emt 0:01:38][%mdl 576] Decoy, Back Rank. Magnificent play by Pap!   Weighted Error Value: White=1.64/Black=0.36} 0-1

[Event "SixDays Budapest March GM-A 2023"]
[Site "Budapest"]
[Date "2023.03.27"]
[Round "5.5"]
[White "Sammed Jaykumar, Shete"]
[Black "Arfan, Aditya Bagus"]
[Result "0-1"]
[ECO "B12"]
[WhiteElo "2454"]
[BlackElo "2374"]
[Annotator "TA"]
[PlyCount "88"]
[EventDate "2023.03.24"]
[EventType "tourn"]
[EventCountry "HUN"]
[SourceTitle "playchess.com"]
[Source "ChessBase"]
[SourceQuality "1"]
[TimeControl "5400+30"]

1. e4 c6 2. d4 d5 3. e5 Bf5 4. Nf3 e6 5. Be2 Ne7 6. O-O c5 7. c4 Nbc6 8. Na3 {[%emt 0:03:47] B12: Caro-Kann: Advance Variation.} dxc4 {[%emt 0:00:49] is the legacy move (8...a6).} (8... a6 $11 {was preferrable.}) 9. Nxc4 (9. Bg5 $5 Qd7 10. Nxc4 $14) 9... Nd5 10. Bg5 {[%emt 0:00:32] White has an edge.} Qc7 11. Rc1 h6 {[%emt 0:19:02] [#]} 12. Nd6+ $146 ({Predecessor:} 12. Bh4 cxd4 13. Nxd4 Nxd4 14. Qxd4 Bc5 15. Nd6+ Qxd6 16. Bb5+ Kf8 17. exd6 Bxd4 18. d7 {½-½ Jarmula,L (2498)-Cupid,K (2148) Titled Tuesday intern op 17th April blitz 2018 (1)}) 12... Bxd6 13. exd6 Qxd6 14. dxc5 Qc7 15. Bh4 Nf4 16. Bc4 g5 {[%emt 0:02:22] aiming for ...Rd8.} 17. Bg3 Rd8 {[%emt 0:03:03][%cal Ba8d8,Bd8d4,Bd4f4][%mdl 32] Against Qd6} 18. Qb3 O-O 19. Qc3 Be4 20. Rfe1 Bxf3 21. Qxf3 Rd4 22. Bf1 Rfd8 23. a3 a5 24. b3 R8d5 25. Qc3 Qd8 26. Bxf4 Rxf4 27. g3 {[%emt 0:01:53] [#]} ({Better is} 27. Re3 $15) 27... Rff5 $1 $17 28. b4 {[%emt 0:06:13] [#]} Rd2 $1 29. b5 $2 {[%emt 0:11:14] Now White is beyond hope.} (29. Re2 $17 Rd3 {[%mdl 64] Deflection} 30. Qc4) 29... Rfxf2 $19 30. Qe3 (30. bxc6 Qd5 $19) 30... Nd4 {[%emt 0:01:27][%cal Bc6d4,Bd4b3,Bb3c5][%mdl 32] ( -> ...Nf3+)} 31. Qxf2 Rxf2 32. Kxf2 Nb3 ({Not} 32... Qd5 $2 33. Bg2 Qa2+ 34. Kf1 Nxb5 35. Ra1 Qc4+ 36. Kg1 $19) ({Don't blunder} 32... Qf6+ $2 33. Kg2 Nb3 34. Rc4 $19) 33. Rcd1 {[%emt 0:12:05] Inhibits Qd2+.} Qf6+ 34. Kg1 Nxc5 35. Re3 Qb2 36. Be2 Kf8 37. g4 Ke7 38. Kf2 Qc2 39. Rd4 {[%emt 0:00:42] And now Rc4 would win.} b6 {[%emt 0:00:39] Black is clearly winning.} 40. h3 Qb2 41. Rd1 Na4 42. Rdd3 Qxb5 ({Wrong is} 42... Nc5 $2 43. Rd1 $19) 43. Rd4 Qc6 44. Rb3 (44. Rc4 $142 Nc5 45. Rd4) 44... Qc5 {[%emt 0:00:25] Weighted Error Value: White=0.45/Black=0.10 (very precise)} 0-1